 Dungeon Crawl Stone Soup version 0.18-a0-1577-gf591c28 (webtiles) character file.

426 Ijustatesigmund the Insei (level 6, 0/43 HPs)
             Began as an Octopode Transmuter on Mar 18, 2016.
             Was a Believer of Cheibriados.
             Slain by a gnoll sergeant
             ... wielding a +0 trident
              (6 damage)
             ... on level 3 of the Dungeon.
             The game lasted 00:13:21 (4832 turns).

Ijustatesigmund the Insei (Octopode Transmuter)     Turns: 4832, Time: 00:13:21

Health: 0/43       AC:  1    Str: 17    XL:     6   Next: 97%
Magic:  3/9        EV: 13    Int: 22    God:    Cheibriados [**....]
Gold:   164        SH:  0    Dex: 18    Spells: 3 memorised, 3 levels left

rFire  . . .     SeeInvis .       - Unarmed
rCold  . . .     Gourm    .     (no shield)
rNeg   . . .     Faith    .     (helmet restricted)
rPois  .         Spirit   .     (no amulet)
rElec  .         Dismiss  .     (no ring)
rCorr  .         Reflect  .     (no ring)
SustAt .         Harm     .     (no ring)
MR     .....                    (no ring)
Stlth  +++.......               (no ring)
                                (no ring)
                                (no ring)
                                (no ring)

@: very slow, not resistant to hostile enchantments, fairly stealthy
A: almost no armour, amphibious, 8 rings, constrict 8, camouflage 1, gelatinous
body 1
a: Bend Time, Renounce Religion


You were on level 3 of the Dungeon.
You worshipped Cheibriados.
Cheibriados was pleased with you.
You were not hungry.

You visited 1 branch of the dungeon, and saw 5 of its levels.

You collected 164 gold pieces.

Inventory:

Missiles
 a - 38 arrows
Jewellery
 j - an uncursed ring of ice
 l - an uncursed ring of ice
Scrolls
 d - a scroll of remove curse
 m - a scroll of immolation
Potions
 f - a potion of haste
 g - 2 potions of brilliance
 k - a potion of lignification
 o - a potion of curing
 p - a potion of resistance
 s - a potion of heal wounds {unknown}
Books
 b - a book of Changes

   Spells                             Type                      Level
   a - Beastly Appendage              Transmutation                1
   b - Sticks to Snakes               Transmutation                2
   c - Spider Form                    Transmutation/Poison         3
   d - Ice Form                       Ice/Transmutation            4
   e - Blade Hands                    Transmutation                5
Comestibles
 c - 4 bread rations
 i - a beef jerky
 n - 2 slices of pizza


   Skills:
 + Level 3.7 Fighting
 - Level 2.0 Dodging
 + Level 5.1 Unarmed Combat
 + Level 2.0 Spellcasting
 + Level 2.1 Transmutations
 - Level 3.0 Poison Magic
 + Level 2.7 Invocations


You had 3 spell levels left.
You knew the following spells:

 Your Spells              Type           Power        Failure   Level  Hunger
a - Beastly Appendage     Trmt           ##....       8%          1    #......
b - Sticks to Snakes      Trmt           ##......     10%         2    ##.....
c - Spider Form           Trmt/Pois      ##........   14%         3    ###....


Dungeon Overview and Level Annotations

Branches:
Dungeon (5/15)
 Temple: D:4-7

Altars:
Cheibriados
Kikubaaqudgha
Vehumet
Yredelemnul

Shops:
D:4 :


Innate Abilities, Weirdness & Mutations

You cannot wear most types of armour.
You are amphibious.
You can wear up to eight rings at the same time.
You can use your tentacles to constrict eight enemies at once.
Your skin changes colour to match your surroundings (Stealth).
Your rubbery body absorbs attacks (AC +1).


Message History

* * * LOW HITPOINT WARNING * * *
Drink which item? (? for menu, Esc to quit)
Okay, then.
Read which item? (? for menu, Esc to quit)
Okay, then.
The flow of time bends around you.
Cheibriados rebukes the orc.
The orc seems to slow down.
You feel slightly more hungry.
The gnoll hits you from afar with a spear.
* * * LOW HITPOINT WARNING * * *
The orc hits you but does no damage. The gnoll barely misses you.
Drink which item? (? for menu, Esc to quit)
It was a potion of cancellation.
You feel magically purged. The gnoll barely misses you.
The orc hits you with a hand axe.
* * * LOW HITPOINT WARNING * * *
Casting: Spider Form
Confirm with . or Enter, or press ? or * to list all spells.
You create a snake!
You now have 38 arrows.
The gnoll barely misses you.
The gnoll sergeant hits you from afar with a trident.
You die...

#...†........................#.g.
##############################...
# #+## #################### #.
#.g....#8..8#....... #.
#8..'....g....... #.
#8..'...gg.g(.... #.
g.g....#...o#....... #. #
########...@#######' '#'#. #.
#...S# ...#. . #....# ..#. #
#....# #'##
#############''''#############...
#.............h..............#...
#≈≈≈≈≈≈≈≈≈≈≈≈....≈≈≈≈≈≈≈≈≈≈≈≈####
≈≈≈≈≈≈≈≈≈≈≈≈≈....≈≈≈≈≈≈≈≈≈≈)≈≈≈≈≈
≈≈≈≈≈≈≈≈≈≈≈≈≈....≈[≈≈≈≈≈≈≈≈)≈≈≈≈[


You could see a gnoll sergeant, 2 gnolls, an orc, a jackal and a friendly adder.

Vanquished Creatures
  A giant frog zombie (D:4)
  A crimson imp (D:5)
  2 gnoll shamans
  An orc priest (D:4)
  A hound (D:4)
  9 gnolls
  An adder (D:4)
  2 worms (D:2)
  2 dart slugs
  3 giant geckos
  5 orcs
  4 giant cockroaches
  9 hobgoblins
  20 jackals
  10 kobolds
  A quokka (D:3)
  9 bats
  2 giant newts
  8 goblins
  2 quokka skeletons (D:4)
  7 rats
100 creatures vanquished.

Vanquished Creatures (collateral kills)
  An orc priest (D:3)
  4 gnolls (D:3)
  An orc (D:3)
  A goblin (D:3)
  A jackal (D:3)
  A giant newt (D:3)
9 creatures vanquished.

Vanquished Creatures (others)
  A rat (D:3)
1 creature vanquished.

Grand Total: 110 creatures vanquished

Notes
Turn   | Place    | Note
--------------------------------------------------------------
     0 | D:1      | Ijustatesigmund the Octopode Transmuter began the quest for the Orb.
     0 | D:1      | Reached XP level 1. HP: 13/13 MP: 3/3
   157 | D:1      | Reached XP level 2. HP: 18/18 MP: 5/5
   161 | D:1      | Learned a level 2 spell: Sticks to Snakes
   803 | D:1      | Reached XP level 3. HP: 24/24 MP: 6/6
  2071 | D:2      | Found a basalt altar of Yredelemnul.
  2202 | D:2      | Found an ancient bone altar of Kikubaaqudgha.
  2367 | D:3      | Found a snail-covered altar of Cheibriados.
  2375 | D:3      | Became a worshipper of Cheibriados the Contemplative
  2380 | D:3      | Learned a level 3 spell: Spider Form
  2427 | D:3      | Reached skill level 4 in Unarmed Combat
  2433 | D:3      | Reached XP level 4. HP: 22/30 MP: 7/7
  3131 | D:4      | Reached * piety under Cheibriados
  3131 | D:4      | Reached skill level 1 in Poison Magic
  3131 | D:4      | Reached skill level 1 in Invocations
  3131 | D:4      | Reached XP level 5. HP: 16/36 MP: 6/8
  3488 | D:5      | Entered Level 5 of the Dungeon
  3502 | D:5      | Reached XP level 6. HP: 10/42 MP: 4/9
  3835 | D:4      | Reached ** piety under Cheibriados
  4054 | D:3      | Found a radiant altar of Vehumet.
  4320 | D:4      | Found Paerph's Book Shoppe.
  4657 | D:3      | Reached skill level 5 in Unarmed Combat
  4832 | D:3      | Slain by a gnoll sergeant

Vault maps used:
D:1:      scummos_arrival_simple_fountains, due_unseen_surprise
D:2:      kiku_gazebo_garden_becter, nicolae_overflow_hidden_temple, first_bread
D:3:      lemuel_castle_with_subvaults, fiery_altar_vehumet, hex_intersection,
          cheibriados_altar_1
D:4:      old_standard_altar, serial_shops, shop, shop_fountains, shop,
          kennysheep_pointless_box
D:5:      uniq_crazy_yiuf_cottage, uniq_blork_the_orc, uniq_edmund, uniq_pikel

Skill      XL: |  1  2  3  4  5  6 |
---------------+-------------------+-----
Fighting       | 2 3 |  3.7
Unarmed Combat | 4 5 |  5.1
Poison Magic   | 1 2 3 |  3.0
Invocations    | 1 2 |  2.7
Dodging        | |  2.0
Spellcasting   | |  2.0
Transmutations | |  2.1

Action                   |  1- 3 |  4- 6 || total
-------------------------+-------+-------++-------
Melee: Unarmed           |   102 |   130 ||   232
 Cast: Beastly Appendage |     4 |     6 ||    10
       Sticks to Snakes  |     2 |    17 ||    19
       Spider Form       |       |     8 ||     8
Invok: Bend Time         |       |     1 ||     1
  Use: Scroll            |       |     9 ||     9
       Potion            |       |     3 ||     3
 Stab: Sleeping          |     6 |     1 ||     7
       Distracted        |       |     1 ||     1
  Eat: Chunk             |     3 |     5 ||     8
       Beef jerky        |     1 |       ||     1
       Fruit             |       |     3 ||     3
       Royal jelly       |       |     1 ||     1
